Map: Dusk Towers

Players

LiquidTLO (TLO)

  • Race: Zerg Zerg
  • League: Grandmaster

TOP - Winner!

  • Race: Terran Terran

Event: Homestory Cup XII

VOD

Have the link to the VOD?

Description

Time

  • Played on: Dec. 17, 2015, 6:07 p.m.
  • Length: 15:43

All games in this series

Show
View Real Time Build Order
Export as new Build Order

LiquidTLO Zerg 

Build Orders: Hatch First, Lurkers 

Get SALT Encoding   

  12  0:01  Drone  
  13  0:12  Overlord  
  13  0:18  Drone  
  14  0:31  Drone x2  
  16  0:38  Drone  
  17  0:53  Hatchery  
  17  0:57  Drone  
  17  1:11  Spawning Pool  
  16  1:14  Extractor  
  16  1:15  Drone  
  16  1:24  Drone  
  17  1:27  Drone  
  18  1:36  Drone  
  19  1:45  Drone  
  20  1:50  Overlord  
  20  1:59  Queen  
  22  2:05  Queen  
  23  2:09  Zergling x4  
  23  2:11  Drone  
  26  2:16  Drone  
  26  2:19  Metabolic Boost  
  27  2:24  Drone  
  28  2:33  Overlord  
  28  2:36  Drone  
  29  2:38  Drone  
  29  2:43  Drone  
  31  2:52  Drone  
  31  2:56  Drone  
  33  2:59  Drone  
  33  3:05  Overlord  
  34  3:09  Drone  
  34  3:10  Hatchery  
  35  3:12  Drone  
  35  3:14  Drone  
  35  3:18  Drone x2  
  38  3:24  Zergling x4  
  38  3:25  Zergling x2  
  41  3:30  Drone  
  42  3:37  Drone x2  
  42  3:39  Roach Warren  
  43  3:43  Queen  
  43  3:46  Drone  
  43  3:47  Drone  
  47  3:50  Drone x2  
  49  3:56  Overlord  
  49  4:00  Drone  
  50  4:09  Drone  
  50  4:11  Overlord  
  50  4:16  Drone  
  50  4:17  Overlord  
  50  4:23  Roach x4  
  58  4:26  Drone  
  58  4:27  Drone x2  
  58  4:28  Drone x2  
  63  4:32  Drone  
  63  4:33  Evolution Chamber  
  63  4:34  Evolution Chamber  
  63  4:35  Queen  
  63  4:36  Roach x2  
  64  4:39  Drone x2  
  64  4:47  Ravager x4  
  64  4:51  Drone x2  
  64  4:52  Drone  
  71  4:54  Extractor  
  71  4:56  Drone x3  
  71  4:57  Drone  
  71  4:58  Drone x2  
  74  5:00  Extractor  
  74  5:01  Spore Crawler, Extractor  
  74  5:03  Zerg Ground Armor Level 1  
  74  5:04  Drone  
  72  5:11  Drone x2  
  72  5:12  Overlord  
  72  5:14  Extractor  
  73  5:16  Drone x2, Extractor  
  73  5:17  Drone  
  75  5:22  Overlord  
  75  5:23  Drone x2  
  75  5:24  Overlord  
  75  5:25  Drone  
  75  5:26  Drone x2  
  80  5:30  Roach  
  80  5:31  Roach  
  80  5:35  Roach  
  80  5:36  Roach  
  80  5:39  Drone  
  83  5:46  Drone x2  
  83  5:48  Zerg Missile Weapons Level 1  
  83  5:49  Lair  
  85  5:50  Roach x2  
  85  5:55  Roach  
  85  5:56  Roach  
  95  5:57  Roach  
  95  6:00  Drone, Roach  
  98  6:07  Overlord  
  98  6:10  Ravager  
  98  6:11  Ravager x2  
  101  6:13  Spore Crawler  
  101  6:14  Drone x2  
  101  6:16  Roach  
  101  6:17  Overlord  
  104  6:19  Drone  
  104  6:22  Overlord x2  
  104  6:24  Overlord  
  105  6:26  Overlord  
  105  6:27  Roach  
  105  6:29  Roach  
  105  6:31  Drone  
  105  6:32  Roach  
  112  6:36  Roach  
  112  6:39  Roach  
  114  6:41  Roach x2  
  114  6:42  Roach  
  114  6:46  Glial Reconstitution  
  120  6:48  Roach x2  
  120  6:49  Roach  
  120  6:51  Ravager x2  
  120  6:53  Pneumatized Carapace  
  128  6:55  Roach  
  128  6:57  Roach  
  128  6:58  Roach  
  133  7:05  Drone  
  133  7:07  Roach x3  
  133  7:08  Roach x2  
  143  7:10  Overlord  
  143  7:15  Zerg Ground Armor Level 2  
  143  7:17  Roach  
  143  7:20  Roach  
  147  7:25  Roach x2  
  147  7:27  Roach  
  153  7:33  Overlord x2  
  153  7:36  Roach  
  155  7:41  Ravager  
  155  7:44  Ravager x3  
  159  7:45  Roach  
  159  7:48  Overlord x3  
  161  7:52  Roach x2  
  161  7:54  Roach x2  
  161  7:57  Roach x2  
  173  8:00  Roach  
  173  8:04  Roach  
  173  8:05  Roach  
  177  8:06  Roach  
  177  8:07  Roach x2  
  177  8:11  Roach  
  177  8:12  Roach  
  177  8:18  Roach x2  
  177  8:19  Roach x2  
  179  8:23  Roach x2  
  179  8:26  Roach x3  
  185  8:28  Roach  
  185  8:30  Overseer  
  185  8:31  Queen  
  181  8:40  Roach  
  183  8:47  Roach x2  
  183  8:48  Roach  
  189  8:49  Roach  
  189  8:50  Roach  
  189  8:51  Roach  
  189  8:54  Hatchery, Roach  
  198  8:55  Roach  
  198  8:57  Roach  
  178  9:10  Roach x2  
  178  9:15  Roach x2  
  178  9:16  Roach x4  
  180  9:18  Roach  
  180  9:19  Roach  
  180  9:20  Roach x2  
  180  9:22  Roach  
  169  9:26  Roach  
  169  9:30  Zerg Missile Weapons Level 2  
  155  9:32  Roach  
  155  9:33  Roach x2  
  158  9:40  Queen  
  158  9:41  Roach  
  158  9:44  Roach  
  158  9:45  Roach  
  161  9:47  Roach, Queen  
  152  9:54  Burrow  
  152  9:56  Drone x2  
  151  10:03  Ravager x8  
  158  10:08  Ravager  
  158  10:10  Roach x2  
  158  10:12  Roach  
  158  10:13  Roach  
  158  10:14  Roach x2  
  171  10:17  Roach  
  157  10:28  Drone  
  157  10:29  Drone  
  157  10:31  Roach  
  157  10:32  Roach  
  157  10:34  Roach  
  146  10:35  Roach  
  146  10:36  Roach x3  
  139  10:47  Drone  
  139  10:48  Hydralisk Den  
  139  10:49  Extractor x2  
  113  10:54  Queen  
  113  10:59  Ravager x5  
  113  11:01  Drone x8  
  113  11:02  Zergling x2  
  113  11:04  Roach x2  
  131  11:06  Roach  
  131  11:07  Hatchery  
  134  11:11  Roach  
  134  11:12  Roach  
  134  11:13  Roach  
  138  11:18  Tunneling Claws  
  138  11:28  Lurker Den  
  138  11:31  Drone  
  138  11:32  Drone x6, Roach x2  
  149  11:36  Roach  
  151  11:43  Roach x2  
  155  11:49  Hydralisk  
  155  11:50  Hydralisk x3  
  163  12:04  Roach x3  
  163  12:07  Overlord x3  
  169  12:11  Overlord  
  169  12:13  Overlord  
  164  12:24  Hydralisk  
  164  12:25  Hydralisk  
  166  12:34  Drone  
  166  12:35  Drone x2  
  166  12:36  Drone x2  
  168  12:37  Drone x2  
  168  12:38  Drone  
  168  12:39  Drone  
  172  12:45  Hydralisk  
  172  12:48  Hydralisk x3, Roach x28  
  180  12:56  Lurker x4  
  184  12:59  Roach x28  
  184  13:00  Hydralisk x3  
  184  13:02  Hydralisk  
  184  13:04  Roach  
  184  13:05  Roach  
  196  13:06  Roach  
  196  13:10  Roach  
  200  13:20  Roach  
  199  13:33  Hydralisk  
  200  13:41  Lurker  
  198  13:49  Hydralisk x2  
  174  13:56  Hydralisk x4  
  174  13:58  Hydralisk x4  
  174  13:59  Hydralisk x4  
  174  14:00  Hydralisk  
  174  14:01  Hydralisk  
  162  14:04  Hydralisk  
  162  14:05  Hydralisk x2  
  162  14:08  Roach  
  136  14:10  Roach  
  136  14:11  Queen x2  
  136  14:12  Hydralisk  
  136  14:15  Roach  
  134  14:18  Roach x2  
  134  14:19  Roach  
  134  14:20  Roach x2  
  134  14:22  Roach x2  
  134  14:23  Roach  
  150  14:29  Roach  
  145  14:32  Drone, Roach  
  145  14:34  Roach  
  145  14:35  Hydralisk x18  
  127  14:47  Ravager x3  
  127  14:48  Roach x5  
  127  14:49  Roach x2  
  127  14:51  Roach  
  136  14:53  Roach  
  136  14:55  Roach  
  140  15:04  Roach  
  140  15:05  Roach x2  
  140  15:06  Roach  
  147  15:09  Roach  
  147  15:17  Roach  
  146  15:24  Roach  
Show
View Real Time Build Order
Export as new Build Order

TOP Terran - Winner!

Build Orders: Reaper Expand, Bio Tank 

Get SALT Encoding   

  12  0:00  SCV  
  13  0:12  SCV  
  14  0:17  Supply Depot  
  14  0:25  SCV  
  15  0:39  SCV  
  15  0:40  Barracks  
  16  0:43  Refinery  
  16  0:51  SCV  
  17  1:03  SCV  
  18  1:15  SCV  
  19  1:28  Reaper, Orbital Command  
  20  1:42  Command Center  
  20  1:54  Supply Depot  
  20  1:55  SCV  
  21  2:02  Barracks Reactor  
  21  2:07  SCV  
  22  2:19  SCV  
  22  2:21  Factory  
  23  2:31  SCV  
  24  2:38  Command Center  
  24  2:44  Marine x2  
  24  2:45  SCV  
  27  2:57  SCV  
  28  2:59  Orbital Command  
  28  3:06  Refinery  
  28  3:09  SCV  
  28  3:12  Barracks Tech Lab  
  29  3:14  Hellion  
  29  3:17  Hellion  
  33  3:21  SCV  
  34  3:28  SCV  
  34  3:33  Marine  
  34  3:34  Stimpack  
  36  3:40  Starport  
  37  3:46  Hellion x2  
  37  3:48  SCV x2  
  41  3:50  Marine  
  42  3:56  Orbital Command  
  42  4:00  SCV  
  39  4:10  Marine  
  39  4:16  SCV x2, Medivac  
  44  4:20  Barracks  
  44  4:24  Factory Tech Lab  
  44  4:28  SCV x2, Orbital Command, Marine  
  47  4:36  Barracks  
  47  4:37  Liberator  
  47  4:40  SCV  
  47  4:44  Siege Tank  
  51  4:45  Marine  
  51  4:46  SCV  
  51  4:48  Refinery  
  51  4:50  Refinery  
  51  4:51  Supply Depot  
  51  4:52  SCV  
  54  4:54  Supply Depot  
  54  4:57  SCV  
  54  4:58  SCV  
  59  5:07  Marine x2  
  59  5:12  Marine  
  59  5:14  Supply Depot, Barracks, SCV x2  
  62  5:15  Barracks  
  62  5:19  SCV  
  65  5:24  Marine  
  65  5:25  Supply Depot, Marine  
  65  5:27  SCV x2  
  65  5:28  Marine  
  69  5:30  Marine  
  71  5:40  SCV  
  71  5:41  SCV  
  71  5:42  Engineering Bay x2, Marine  
  73  5:46  Starport Reactor  
  73  5:47  Combat Shields  
  74  5:51  SCV  
  74  5:52  SCV  
  74  5:59  Marine  
  74  6:01  Barracks Reactor  
  74  6:02  Barracks Reactor x2  
  74  6:03  Siege Tank  
  74  6:04  Marine x2  
  78  6:08  SCV x2  
  82  6:16  Terran Infantry Weapons Level 1, Terran Infantry Armor Level 1, Marine  
  83  6:22  Marine x2  
  83  6:24  SCV x3  
  88  6:26  Refinery  
  88  6:27  Refinery  
  88  6:28  Supply Depot  
  88  6:29  Supply Depot  
  88  6:34  Marine  
  88  6:36  SCV  
  88  6:39  Marine x3  
  93  6:43  Marine  
  93  6:50  Medivac x2, Marine x4  
  93  6:51  SCV  
  93  6:52  SCV, Factory, Marine  
  104  6:57  Supply Depot, Marine  
  104  6:58  Supply Depot  
  104  6:59  Marine x2  
  107  7:08  SCV x3  
  107  7:16  Command Center  
  107  7:18  Marine  
  107  7:20  SCV x3  
  111  7:24  Siege Tank  
  111  7:25  Marine x3  
  117  7:30  Marine x2  
  117  7:32  SCV, Medivac  
  117  7:33  Medivac  
  117  7:36  Marine  
  125  7:40  Supply Depot x2  
  125  7:42  Marine  
  125  7:46  Marine  
  125  7:47  Marine x3  
  125  7:48  Marine  
  125  7:50  SCV x2  
  133  7:54  Marine  
  133  7:55  Factory Tech Lab  
  133  7:56  Supply Depot  
  133  8:02  SCV x2, Marauder  
  135  8:07  Marine x2  
  135  8:08  Marine x2  
  135  8:10  Orbital Command  
  126  8:16  Orbital Command  
  122  8:20  Marine x2  
  122  8:21  Marine x2  
  122  8:23  Marine  
  122  8:25  Marine  
  111  8:32  Marine x3  
  111  8:33  Armory  
  114  8:35  Siege Tank, Medivac x2  
  114  8:37  Marine x2  
  114  8:38  Marine  
  126  8:41  Marauder, Marine  
  126  8:43  Siege Tank, Marine  
  131  8:50  Marine x3  
  132  8:55  Marine x2  
  132  8:56  Marine  
  132  9:03  Marauder  
  107  9:21  Marine x4  
  94  9:24  Marauder  
  94  9:27  Marine x2  
  94  9:28  Marine x2  
  90  9:34  Orbital Command  
  86  9:39  Terran Infantry Armor Level 2, Siege Tank x2, Terran Infantry Weapons Level 2, Marine x4  
  86  9:45  Marine x2  
  94  9:50  Marine x3  
  95  9:57  Marine x4  
  99  10:00  Medivac  
  99  10:03  Marauder, Marine  
  104  10:08  Marine x3  
  104  10:11  Siege Tank  
  104  10:13  Siege Tank  
  113  10:15  Marine  
  113  10:16  Marine x2  
  116  10:23  Marine x2  
  116  10:24  Marine  
  116  10:26  Marine  
  115  10:29  Marine x2  
  115  10:32  Marine  
  115  10:34  Marine x2  
  110  10:40  Marine x2  
  110  10:42  Marine  
  102  10:44  Marine  
  102  10:47  Marine x2  
  104  10:50  Siege Tank, Marine  
  104  10:51  Siege Tank  
  104  10:52  Marine x2  
  110  10:58  Marine x2  
  110  11:00  Marine  
  110  11:01  Marine, Terran Vehicle Weapons Level 1  
  114  11:05  Marine x2  
  114  11:08  Missile Turret, Marine  
  114  11:10  Marine  
  119  11:16  Medivac x2, Marine  
  122  11:18  SCV  
  122  11:19  SCV x2, Marine  
  122  11:24  Command Center  
  123  11:37  Marine x6  
  129  11:42  Marine x2  
  129  11:43  Marine  
  129  11:46  Medivac  
  134  11:50  Siege Tank  
  137  11:54  Siege Tank  
  137  11:55  Marine x3  
  143  12:08  Terran Infantry Weapons Level 3, Terran Infantry Armor Level 3  
  143  12:12  Marine x3  
  146  12:22  Siege Tank  
  143  12:25  Marine x2  
  143  12:27  Siege Tank, Medivac x2  
  143  12:28  Marine  
  146  12:30  Marine x2  
  146  12:36  Marine x3  
  141  12:45  Marine x2  
  141  12:46  Marine  
  144  12:57  Medivac x2  
  144  12:58  Refinery  
  148  12:59  Terran Vehicle Weapons Level 2, Refinery  
  148  13:06  Marine x4  
  148  13:08  Marine  
  149  13:25  Marine x3  
  152  13:28  Siege Tank  
  152  13:29  Marauder, Marine x2  
  158  13:38  Marine x3  
  161  13:42  Marine  
  161  13:47  SCV  
  163  13:49  Marine  
  152  13:59  Marine  
  152  14:00  Marine x3  
  152  14:02  Marine x4  
  134  14:15  Marine  
  135  14:17  Marine x3  
  137  14:29  Marine x4  
  137  14:30  Siege Tank  
  132  14:46  Siege Tank, Marine x2  
  132  14:47  Marine x6  
  132  14:48  Planetary Fortress  
  141  14:54  Marine  
  142  15:04  Marine x3  
  145  15:08  Marine x3  
  145  15:09  Marine  
  149  15:20  Marine x2  
  154  15:22  Marine x2  
  154  15:25  Marine  
Tags
 
Add a new tag
Caveats
  • Supply blocks, unpowered buildings, or Contaminate may cause inaccurate times.
  • Supply counts are checked every 10 seconds.